 Dungeon Crawl Stone Soup version 0.30.0-5-g1a98f26d00 (webtiles) character file.

Game seed: 13425490325839802095

12 hawla the Firebug (level 2, -1/30 HPs)
             Began as a Meteoran Fire Elementalist on May 10, 2023.
             Was an Initiate of Vehumet.
             Slain by Prince Ribbit (3 damage)
             ... on level 5 of the Dungeon.
             The game lasted 00:02:08 (227 turns).

hawla the Firebug (Meteoran Fire Elementalist)       Turns: 227, Time: 00:02:09

Health: -1/30      AC:  3    Str:  9    XL:     2   Next: 64%
Magic:  3/6        EV: 12    Int: 16    God:    Vehumet [......]
Gold:   30         SH:  0    Dex: 14    Spells: 3/6 levels left

rFire   . . .        f - +1 flail (protect)
rCold   . . .        (no shield)
rNeg    . . .        a - +0 robe
rPois   .            g - +0 helmet
rElec   .            (no cloak)
rCorr   .            (no gloves)
SInv    .            (no boots)
Will    .....        (no amulet) Stlth
                     (no ring)
HPRegen 0.25/turn    (no ring)
MPRegen 0.10/turn

%: no passive effects
@: berserking, glowing, very quick
A: sense surroundings 1, otherworldly, glowing, explore regen
a: Renounce Religion


You were on level 5 of the Dungeon.
You worshipped Vehumet.
Vehumet was noncommittal.
You visited 2 branches of the dungeon, and saw 5 of its levels.

You collected 30 gold pieces.

Inventory:

Hand Weapons
 f - a +1 flail of protection (weapon)
Armour
 a - a +0 robe (worn)
 g - a +0 helmet (worn)
Scrolls
 c - a scroll of identify {unknown}
 e - a scroll of blinking {unknown}
 h - a scroll of poison {unknown}
Potions
 b - a potion of magic


   Skills:
 + Level 2.8 Dodging
 - Level 1.4 Stealth
 + Level 2.8 Spellcasting
 + Level 1.2 Conjurations
 + Level 4.1 Fire Magic


You had 3 spell levels left.
You knew the following spells:

 Your Spells              Type           Power      Damage    Failure   Level
a - Foxfire               Conj/Fire      40%        2x1d6     6%          1
b - Scorch                Fire           30%        2d6       5%          2

Your spell library contained the following spells:

 Spells                   Type           Power      Damage    Failure   Level
 Inner Flame              Hex/Fire       8%         N/A       24%         3
 Volatile Blastmotes      Fire/Tloc      16%        2d11      24%         3
 Flame Wave               Conj/Fire      10%        2d6       52%         4


Dungeon Overview and Level Annotations

Branches:
Dungeon (5/15) Zot: 2194   Temple (1/1) D:4 Zot: 578

Altars:
Ashenzari
Cheibriados
Dithmenos
Elyvilon
Nemelex Xobeh
Okawaru
Ru
Trog
Uskayaw
Vehumet
Wu Jian
Xom

Annotations:
D:5 Grinder, Prince Ribbit


Innate Abilities, Weirdness & Mutations

You passively map a small area around you.
You are easily found by Zot.
You glow in the dark.
You regain HP and MP as you explore.


Message History

As you open the door, it creaks loudly!
There is an open door here.
Found a chain mail and a scroll labelled SUNTURALIW.
h - a scroll labelled SUNTURALIW
Found a stone staircase leading down.
There is a stone staircase leading down here.
You climb downwards.
Found 10 gold pieces and a rapier.
There is a stone staircase leading up here.
You now have 30 gold pieces (gained 10).
There is a stone staircase leading up here.
Prince Ribbit comes into view.
Prince Ribbit croaks.
Casting: Foxfire (safe; 6% risk of failure)
Confirm with . or Enter, or press ? or * to list all spells.
You conjure some foxfire!
Prince Ribbit blinks!
Unknown command.
Memorise Scorch, consuming 2 spell levels and leaving 3?
Prince Ribbit blinks!
You start memorising the spell.
You continue memorising.
The foxfire hits Prince Ribbit.
Prince Ribbit is lightly wounded.
The foxfire hits Prince Ribbit.
Prince Ribbit is moderately wounded.
You continue memorising.
You finish memorising.
Spell assigned to 'b'.
Casting: Foxfire (safe; 6% risk of failure)
Confirm with . or Enter, or press ? or * to list all spells.
Flames lash Prince Ribbit.
Prince Ribbit is heavily wounded.
Prince Ribbit's fire resistance burns away.
You hear a shout!
Prince Ribbit hits you!!
Ouch! That really hurt!
* * * LOW HITPOINT WARNING * * *
Grinder comes into view.
It was a potion of berserk rage.
A red film seems to cover your vision as you go berserk!
You feel yourself moving faster!
You feel mighty! Prince Ribbit hits you.
You die...

* * , *5.#
#..... *** #..
#......, .
..##.$..... *
..####..........
, ^
...............
* #.............
* *#...F.......*
#..@.......
#.......... , *
##.......... #.
##..####..... *
#..####..##
*#.... #....<.##
*...., *
#.####..# ... *
#..# * .. ,,* ,
##..# , *


You could see Prince Ribbit (combustible) and Grinder.

Vanquished Creatures
  An orc (D:4)
  A hobgoblin (D:4)
  3 jackals (D:2)
  A quokka (D:2)
  A ball python (D:2)
  3 goblins
10 creatures vanquished.

Vanquished Creatures (others)
  35 foxfires
35 creatures vanquished.

Grand Total: 45 creatures vanquished

Notes
Turn   | Place    | Note
-------+----------+-------------------------------------------
     0 | D:1      | hawla the Meteoran Fire Elementalist began the quest for
                  | the Orb.
     0 | D:1      | Reached XP level 1. HP: 14/14 MP: 5/5
     3 | D:1      | You fall into a shaft and drop 1 floor!
     9 | D:2      | Found an iron altar of Okawaru.
    52 | D:2      | Reached skill level 4 in Fire Magic
    52 | D:2      | Reached XP level 2. HP: 20/20 MP: 1/6
    79 | D:2      | You fall into a shaft and drop 2 floors!
   131 | D:4      | Found a staircase to the Ecumenical Temple.
   152 | Temple   | Entered the Ecumenical Temple
   164 | Temple   | Became a worshipper of Vehumet
   210 | D:5      | Entered Level 5 of the Dungeon
   221 | D:5      | Noticed Prince Ribbit
   226 | D:5      | Learned a level 2 spell: Scorch
   226 | D:5      | HP: 1/20 [Prince Ribbit (19)]
   226 | D:5      | Noticed Grinder
   227 | D:5      | Slain by Prince Ribbit

Illustrated notes

Levels and vault maps discovered:
D:1:      minmay_arrival_split_and_join, layout_basic
D:2:      layout_rooms, basic_altar, minivault_25, chequers_arboretum,
          minmay_misc_feat_cross
D:4:      layout_gridville, minitemple, minmay_temple_entry_purple_smoke,
          grunt_ministairs_14, uniq_sigmund
D:5:      layout_layer_cave, grunt_gozag_breadcrumbs,
          nicolae_yredelemnul_corpse_copse, uniq_blork_the_orc, uniq_grinder,
          uniq_prince_ribbit1
Temple:   nicolae_temple_ecumenical_triangle

Skill      XL: |  1 |
---------------+----+-----
Fire Magic     | 4 |  4.1
Dodging        | |  2.8
Stealth        | |  1.4
Spellcasting   | |  2.8
Conjurations   | |  1.2

Action                     || total
---------------------------++-------
   Cast: Foxfire           ||    19
         Scorch            ||     1
    Use: Potion            ||     1
